 Dungeon Sprint DCSS version 0.31-a0-920-g28cbb04a8c (webtiles) character file.

Game seed: 17701947676316452621

5914 sircluck the Brawler (level 10, -11/113 HPs)
             Began as a Troll Berserker on Oct 17, 2023.
             Was the Champion of Trog.
             Mangled by an orc knight
             ... wielding a +0 glaive
              (23 damage)
             ... in the Dungeon (Sprint VII: "The Pits").
             The game lasted 00:02:46 (769 turns).

sircluck the Brawler (Troll Berserker)               Turns: 769, Time: 00:02:47

Health: -11/113    AC:  6    Str: 31    XL:     10   Next: 53%
Magic:  9/9        EV: 13    Int:  3    God:    Trog [******]
Gold:   0          SH:  0    Dex:  9    Spells: 9/9 levels left

rFire   . .          .
                       - Unarmed
rCold   . . .        (no shield)
rNeg    . . .        a - +0 animal skin
rPois   .            (helmet restricted)
rElec   .            (no cloak)
rCorr   .            (gloves unavailable)
SInv    .            (boots unavailable)
Will    .....        (no amulet)
Stlth   +++          (no ring)
HPRegen 1.18/turn    (no ring)
MPRegen 0.11/turn

%: no teleportation
@: no status effects
A: large, unfitting armour, claws 3, regeneration 1, shaggy fur 1, tough skin 1,
iridescent scales 1, camouflage 1
a: Renounce Religion, Berserk, Trog's Hand, Brothers in Arms


You were in the Dungeon.
You worshipped Trog.
Trog was exalted by your worship.
You visited 1 branch

Inventory:

Armour
 a - a +0 animal skin (worn)
 n - a +0 cloak
Jewellery
 k - a +3 ring of strength
 l - a +3 ring of dexterity
Scrolls
 g - a scroll of blinking
 i - 2 scrolls of vulnerability
 j - a scroll of butterflies
Potions
 b - 8 potions of curing
 c - 12 potions of heal wounds
 d - a potion of haste
 e - 4 potions of magic
 f - 3 potions of berserk rage
 h - 2 potions of invisibility


   Skills:
 + Level 11.1 Fighting
 * Level 12.8 Dodging
 + Level 4.5 Stealth
 * Level 15.0 Unarmed Combat


You had 9 spell levels left.
You didn't know any spells.
Your spell library was empty.

Dungeon Overview and Level Annotations

Branches:
Dungeon (1/1)

Altars:
Ashenzari
Cheibriados
Dithmenos
Elyvilon
Fedhas
Gozag
Hepliaklqana
Kikubaaqudgha
Makhleb
Nemelex Xobeh
Okawaru
Qazlal
Ru
Sif Muna
Trog
Uskayaw
Vehumet
Wu Jian
Xom
Yredelemnul
Zin
The Shining One
Jiyva
Lugonu


Innate Abilities, Weirdness & Mutations

You are too large for most types of armour.
You have claws for hands.
Your natural rate of healing is unusually fast.
You are covered in fur. (AC +1)
You have tough skin. (AC +1)
You are partially covered in iridescent scales. (AC +2)
Your skin changes colour to match your surroundings (Stealth+).


Message History

The orc knight wields a +0 arbalest.
The orc knight shoots a bolt.
The bolt hits you! The orc warrior closely misses you.
Your Unarmed Combat skill increases to level 15!
Unknown command.
Unknown command.
You close the door, pushing everything out of the way.
You see here a +0 plate armour.
You feel sick.
An orc warrior opens the door.
The orc knight roars a battlecry!
The orcs go into a battle-frenzy!
Unknown command.
Unknown command.
You feel sick. The orc warrior closely misses you.
You scratch the orc knight but do no damage.
You claw the orc knight!
The orc knight is lightly wounded.
The orc warrior closely misses you.
The orc knight unwields a +0 arbalest.
The orc knight wields a +0 glaive.
The orc knight hits you with a +0 glaive!
You scratch the orc knight but do no damage.
The orc knight is lightly wounded.
You feel sick.
You are no longer poisoned.
You closely miss the orc knight.
The orc knight is lightly wounded.
The orc warrior hits you from afar with a +0 halberd!
The orc knight hits you with a +0 glaive!
You barely miss the orc knight.
The orc knight is lightly wounded.
The orc warrior hits you from afar with a +0 halberd.
The orc knight hits you with a +0 glaive!
* * * LOW HITPOINT WARNING * * *
You closely miss the orc knight. Your claw misses the orc knight.
The orc knight is lightly wounded.
The orc warrior hits you from afar with a +0 halberd!
* * * LOW HITPOINT WARNING * * *
You mangle the orc knight!!
The orc knight is heavily wounded.
The orc knight hits you with a +0 glaive!!
You die...

...........#
.#..#......#
...........+
...........+
.#..#......#
...........#
####''###### ..##''#
##### ########
..##..###...###.@oyo.#
..##...##...##..##o..#
..###...##)##..## ...+
..# ##..÷)))....# o..#
..###..###'###...##+##
..##.÷##.....##..#
####..+.......+..+
####..##.....##..#
[[###..###'###...#


You could see an orc knight, an orc warrior (strong), a killer bee and an orc
(strong).

Vanquished Creatures
  A sea snake (D)
  A deep elf pyromancer (D)
  A guardian serpent (D)
  A rust devil (D)
  A black mamba (D)
  A rime drake (D)
  A troll (D)
  5 blink frogs (D)
  A tarantella (D)
  Grinder (D)
  A snapping turtle (D)
  A spriggan (D)
  A basilisk (D)
  A water moccasin (D)
  An acid dragon (D)
  A black bear (D)
  5 orc warriors (D)
  An ogre (D)
  5 killer bees (D)
  2 orc priests (D)
  A hound (D)
  2 orc wizards (D)
  A gnoll (D)
  An ufetubus (D)
  An adder zombie (D)
  12 orcs (D)
  An endoplasm (D)
  A giant cockroach (D)
  2 hobgoblins (D)
  A quokka (D)
  A ball python skeleton (D)
  A ball python zombie (D)
  2 rats (D)
60 creatures vanquished.

Vanquished Creatures (collateral kills)
  An orc knight (D)
  2 killer bees (D)
3 creatures vanquished.

Grand Total: 63 creatures vanquished

Notes
Turn   | Place    | Note
-------+----------+-------------------------------------------
     0 | D        | sircluck the Troll Berserker began the quest for the Orb.
     0 | D        | Reached XP level 1. HP: 22/22 MP: 0/0
    26 | D        | Found a bloodstained altar of Trog.
    26 | D        | Found a shimmering blue altar of Sif Muna.
    26 | D        | Found a viscous altar of Jiyva.
    26 | D        | Found a hazy altar of Hepliaklqana.
    26 | D        | Found an opulent altar of Gozag.
    27 | D        | Found a glowing golden altar of the Shining One.
    27 | D        | Found a glowing silver altar of Zin.
    27 | D        | Found a basalt altar of Yredelemnul.
    27 | D        | Found a shimmering altar of Xom.
    27 | D        | Found an ornate altar of the Wu Jian Council.
    27 | D        | Found a sacrificial altar of Ru.
    27 | D        | Found a stormy altar of Qazlal.
    27 | D        | Found an iron altar of Okawaru.
    27 | D        | Found a sparkling altar of Nemelex Xobeh.
    27 | D        | Found a burning altar of Makhleb.
    27 | D        | Found a blossoming altar of Fedhas.
    27 | D        | Found a white marble altar of Elyvilon.
    27 | D        | Found a shadowy altar of Dithmenos.
    27 | D        | Found a snail-covered altar of Cheibriados.
    30 | D        | Found a corrupted altar of Lugonu.
    30 | D        | Found a radiant altar of Vehumet.
    31 | D        | Found an ancient bone altar of Kikubaaqudgha.
    31 | D        | Found a hide-covered altar of Uskayaw.
    31 | D        | Found a broken altar of Ashenzari.
    75 | D        | Reached ** piety under Trog
    98 | D        | Noticed a black bear
    99 | D        | Noticed an orc priest
    99 | D        | Noticed an orc wizard
    99 | D        | Noticed a hound
   101 | D        | Reached XP level 2. HP: 31/31 MP: 1/1
   118 | D        | Reached skill level 4 in Unarmed Combat
   118 | D        | Reached XP level 3. HP: 25/39 MP: 2/2
   122 | D        | Reached *** piety under Trog
   128 | D        | Killed a black bear
   129 | D        | Reached skill level 5 in Fighting
   129 | D        | Reached skill level 5 in Dodging
   129 | D        | Reached skill level 6 in Unarmed Combat
   129 | D        | Reached XP level 4. HP: 12/50 MP: 3/3
   132 | D        | Reached XP level 5. HP: 16/58 MP: 4/4
   134 | D        | Reached **** piety under Trog
   135 | D        | Reached skill level 7 in Unarmed Combat
   197 | D        | Noticed an ogre
   200 | D        | Killed an ogre
   201 | D        | Reached XP level 6. HP: 46/68 MP: 5/5
   223 | D        | Noticed a tarantella
   228 | D        | Killed a tarantella
   229 | D        | Reached skill level 9 in Unarmed Combat
   232 | D        | Noticed an orc warrior
   233 | D        | Reached ***** piety under Trog
   238 | D        | Killed an orc warrior
   239 | D        | Reached XP level 7. HP: 60/79 MP: 6/6
   259 | D        | Noticed a rime drake
   259 | D        | Noticed a black mamba
   270 | D        | Killed a black mamba
   271 | D        | Reached skill level 10 in Unarmed Combat
   277 | D        | Received a gift from Trog
   279 | D        | Killed a rime drake
   280 | D        | Reached XP level 8. HP: 83/92 MP: 7/7
   290 | D        | Found the +7 lajatang of Order {silver, rMut}
   321 | D        | Gained mutation: Your body sometimes deteriorates upon
                  | taking damage. [potion of mutation]
   321 | D        | Gained mutation: You have large cloven feet. [potion of
                  | mutation]
   321 | D        | Gained mutation: You are partially covered in iridescent
                  | scales. (AC +2) [potion of mutation]
   321 | D        | Gained mutation: You are robust. (+10% HP) [potion of
                  | mutation]
   322 | D        | Lost mutation: Your body sometimes deteriorates upon taking
                  | damage. [potion of mutation]
   322 | D        | Lost mutation: You are robust. (+10% HP) [potion of
                  | mutation]
   322 | D        | Lost mutation: You have large cloven feet. [potion of
                  | mutation]
   322 | D        | Gained mutation: Your skin changes colour to match your
                  | surroundings (Stealth+). [potion of mutation]
   372 | D        | Noticed Grinder
   378 | D        | Reached ****** piety under Trog
   389 | D        | Killed Grinder
   389 | D        | Received a gift from Trog
   390 | D        | Reached skill level 11 in Unarmed Combat
   433 | D        | Noticed a deep elf pyromancer
   435 | D        | Noticed a snapping turtle
   435 | D        | Noticed a blink frog
   437 | D        | Noticed a blink frog
   441 | D        | Killed a snapping turtle
   442 | D        | Reached skill level 1 in Stealth
   444 | D        | Killed a blink frog
   445 | D        | Reached skill level 10 in Dodging
   448 | D        | Noticed a blink frog
   449 | D        | Killed a deep elf pyromancer
   450 | D        | Reached skill level 12 in Unarmed Combat
   450 | D        | Reached XP level 9. HP: 51/101 MP: 8/8
   451 | D        | Reached skill level 10 in Fighting
   458 | D        | Received a gift from Trog
   463 | D        | Reached skill level 13 in Unarmed Combat
   558 | D        | Noticed a guardian serpent
   568 | D        | Killed a guardian serpent
   568 | D        | Received a gift from Trog
   610 | D        | Noticed an orc knight
   610 | D        | Noticed a troll
   617 | D        | Killed an orc knight
   618 | D        | Reached skill level 14 in Unarmed Combat
   618 | D        | Reached XP level 10. HP: 111/111 MP: 9/9
   629 | D        | Received a gift from Trog
   668 | D        | Noticed a rust devil
   668 | D        | Noticed a sea snake
   674 | D        | Killed a sea snake
   682 | D        | Killed a rust devil
   682 | D        | Received a gift from Trog
   752 | D        | Noticed an orc knight
   762 | D        | Reached skill level 15 in Unarmed Combat
   769 | D        | Mangled by an orc knight

Illustrated notes

Levels and vault maps discovered:
D:        pitsprint [storerooms_1, entrance_room_1, metal_vault_5, armoury_1,
          mini_pit_1, grid_room_1, main_hall_1, silver_pit, the_coven_1,
          the_vestibule_1, steel_vault_2, golden_pit, hallway_of_sentries,
          crystal_vault_4, iron_vault_2, final_vault]

Skill      XL: |  1  2  3  4  5  6  7  8  9 10 |
---------------+-------------------------------+-----
Fighting       | 3 5 6 7 9 10 11 | 11.1
Dodging        | 3 5 6 7 9 10 11 12 | 12.8
Unarmed Combat | 4 6 7 9 10 12 14 15 | 15.0
Stealth        | 2 3 4 |  4.5

Action                     |  1- 3 |  4- 6 |  7- 9 | 10-12 || total
---------------------------+-------+-------+-------+-------++-------
  Melee: Unarmed           |    31 |    21 |    72 |    46 ||   170
         Punch             |       |     1 |     3 |     4 ||     8
 Invoke: Berserk           |     1 |       |     2 |     1 ||     4
         Brothers in Arms  |       |       |     1 |       ||     1
    Use: Potion            |       |       |     2 |       ||     2
   Stab: Sleeping          |       |       |     1 |       ||     1
 Armour: Animal skin       |    36 |    11 |    34 |    29 ||   110
  Dodge: Dodged            |    24 |     4 |    29 |    17 ||    74

Table legend: (Time is in decaauts)
 A = Elapsed time spent in this place.
 B = Non-inter-level travel time spent in this place.
 C = Inter-level travel time spent in this place.
 D = Time resting spent in this place.
 E = Time spent auto-exploring this place.
 F = Levels seen in this place.
 G = Mean time per level.
                   A        B        C        D        E       F      G
               +--------+--------+--------+--------+--------+-----+--------+
         Total |    757 |    757 |      0 |    194 |    223 |   1 |  757.0 |
       Dungeon |    757 |    757 |      0 |    194 |    223 |   1 |  757.0 |
               +--------+--------+--------+--------+--------+-----+--------+

Top non-repeatable levels by time:
       D: 757 daAuts
